 Dungeon Crawl Stone Soup version 0.32-a0-131-g9dbbe29261 (webtiles) character file.

Game seed: 9642087315940940548

21 ablified the Conjurer (level 2, 0/15 HPs)
             Began as a Deep Elf Conjurer on Feb 8, 2024.
             Slain by a ribbon worm (6 damage)
             ... on level 2 of the Dungeon.
             The game lasted 00:07:20 (897 turns).

ablified the Conjurer (Deep Elf Conjurer)            Turns: 897, Time: 00:07:21

Health: 0/15       AC:  3    Str:  4    XL:     2   Next: 62%
Magic:  2/8        EV: 12    Int: 22    God:
Gold:   118        SH:  0    Dex: 13    Spells: 3/7 levels left

rFire   . . .        (no weapon)
rCold   . . .        (no shield)
rNeg    . . .        a - +0 robe
rPois   .            (no helmet)
rElec   .            (no cloak)
rCorr   .            d - +0 pair of gloves
SInv    .            (no boots)
Will    .....        (no amulet)
Stlth   ++           (no ring)
HPRegen 0.22/turn    (no ring)
MPRegen 0.11/turn

%: no passive effects
@: no status effects
A: no striking features
a: no special abilities


You were on level 2 of the Dungeon.
You visited 1 branch of the dungeon, and saw 2 of its levels.

You collected 118 gold pieces.

Inventory:

Armour
 a - a +0 robe (worn)
 d - a +0 pair of gloves (worn)
Talismans
 c - a maw talisman
Scrolls
 e - a scroll of poison
 h - a scroll of acquirement {unknown}
Potions
 b - a potion of magic
 f - a potion of degeneration {unknown}
 g - a potion of heal wounds {unknown}


   Skills:
 + Level 2.6 Dodging
 + Level 2.7 Stealth
 + Level 3.4 Spellcasting
 + Level 4.8 Conjurations
 + Level 0.1 Hexes
 + Level 0.1 Earth Magic


You had 3 spell levels left.
You knew the following spells:

 Your Spells              Type           Power      Damage    Failure   Level
a - Magic Dart            Conj           100%       1d8       1%          1
b - Jinxbite              Hex            8%         N/A       17%         2
c - Sandblast             Erth           8%         2d5       12%         1

Your spell library contained the following spells:

 Spells                   Type           Power      Damage    Failure   Level
 Searing Ray              Conj           50%        2d6       2%          2
 Apportation              Tloc           6%         N/A       12%         1
 Stone Arrow              Conj/Erth      28%        3d8       13%         3
 Passwall                 Erth           4%         N/A       34%         3
 Brom's Barrelling Bould  Conj/Erth      14%        2d4       38%         4
 Fulminant Prism          Conj/Alch      7%         3d7       41%         4
 Iskenderun's Mystic Bla  Conj/Tloc      14%        2d5       41%         4
 Alistair's Intoxication  Alch           2%         N/A       97%         5


Dungeon Overview and Level Annotations

Branches:
Dungeon (2/15)

Altars:


Message History

You struggle to detach yourself from the web.
The ribbon worm barely misses you.
The web tears apart.
You barely miss the ribbon worm.
The ribbon worm is heavily wounded.
The ribbon worm bites you.
You hit the ribbon worm but do no damage.
The ribbon worm is moderately wounded.
The ribbon worm bites you.
You hit the ribbon worm.
The ribbon worm is moderately wounded.
The ribbon worm bites you but does no damage.
You hit the ribbon worm but do no damage.
The ribbon worm is moderately wounded.
The ribbon worm misses you.
You hit the ribbon worm but do no damage.
The ribbon worm is moderately wounded.
You barely miss the ribbon worm.
The ribbon worm is moderately wounded.
The ribbon worm expels a string of sticky webbing.
The stream of webbing hits you but does no damage.
You are caught in a web!
The web tears apart.
The ribbon worm completely misses you.
You hit the ribbon worm.
The ribbon worm is lightly wounded.
The ribbon worm misses you.
You hit the ribbon worm but do no damage.
The ribbon worm is lightly wounded.
The ribbon worm bites you.
You hit the ribbon worm.
The ribbon worm is lightly wounded.
You feel your willpower return.
You hit the ribbon worm but do no damage.
You punch the ribbon worm, but do no damage.
The ribbon worm is lightly wounded.
The ribbon worm bites you.
You hit the ribbon worm.
The ribbon worm is lightly wounded.
The ribbon worm bites you.
You die...

#######
.......
###.......
#.@w......
#.#†......
#.#.......
#.#.......
#.#.......
#.#.......
#.#.......
#.#.......
#.#


You could see a ribbon worm.

Vanquished Creatures
  5 endoplasms
  A giant cockroach (D:1)
  A goblin (D:1)
  A hobgoblin (D:1)
  2 kobolds
  A quokka (D:1)
  4 ball pythons
  2 bats
  3 rats
20 creatures vanquished.

Notes
Turn   | Place    | Note
-------+----------+-------------------------------------------
     0 | D:1      | ablified the Deep Elf Conjurer began the quest for the Orb.
     0 | D:1      | Reached XP level 1. HP: 10/10 MP: 6/6
   240 | D:1      | Reached XP level 2. HP: 15/15 MP: 4/8
   277 | D:1      | Learned a level 2 spell: Jinxbite
   688 | D:2      | Learned a level 1 spell: Sandblast
   897 | D:2      | Slain by a ribbon worm

Illustrated notes

Levels and vault maps discovered:
D:1:      kennysheep_arrival_seaside, layout_rooms, minmay_splitting_lines
D:2:      layout_basic, minmay_puff

Action                     || total
---------------------------++-------
  Melee: Unarmed           ||    22
         Punch             ||     1
   Cast: Magic Dart        ||    39
         Jinxbite          ||     4
         Sandblast         ||     1
    Use: Scroll            ||     4
 Armour: Robe              ||    10
  Dodge: Dodged            ||    18

Table legend: (Time is in decaauts)
 A = Elapsed time spent in this place.
 B = Non-inter-level travel time spent in this place.
 C = Inter-level travel time spent in this place.
 D = Time resting spent in this place.
 E = Time spent auto-exploring this place.
 F = Levels seen in this place.
 G = Mean time per level.
                   A        B        C        D        E       F      G
               +--------+--------+--------+--------+--------+-----+--------+
         Total |    897 |    277 |    620 |    122 |      0 |   2 |  448.5 |
       Dungeon |    897 |    277 |    620 |    122 |      0 |   2 |  448.5 |
               +--------+--------+--------+--------+--------+-----+--------+

Top non-repeatable levels by time:
     D:1: 587 daAuts
     D:2: 310 daAuts
